Map: Interloper LE

Players

Geeden - Winner!

  • Race: Zerg Zerg
  • League: Master
  • Spawn Location: 5:00

Nycro

  • Race: Protoss Protoss
  • League: Master
  • Spawn Location: 11:00

Event: HopeTL

VOD

https://www.youtube.com/watch?v=fIOJgj8wW98&list=PL9QsjkBYtQM7NVZEDVfaNugqO61aBOlm6&index=1

Description

Time

  • Played on: Oct. 7, 2017, 7:29 p.m.
  • Length: 8:58
Show
View Real Time Build Order
Export as new Build Order

Geeden Zerg - Winner!

Build Orders: 3 Hatch before Pool 

Get SALT Encoding   

  12  0:00  Drone  
  13  0:13  Overlord  
  13  0:18  Drone  
  14  0:31  Drone  
  14  0:32  Drone  
  16  0:35  Drone  
  17  1:03  Drone x2  
  17  1:04  Hatchery  
  18  1:22  Hatchery  
  17  1:28  Drone  
  17  1:29  Extractor, Drone  
  18  1:36  Drone  
  19  1:46  Spawning Pool  
  18  1:51  Drone  
  19  1:58  Drone  
  21  2:11  Drone  
  21  2:12  Extractor, Drone  
  22  2:31  Hatchery  
  22  2:34  Metabolic Boost, Queen  
  22  2:35  Queen  
  25  2:41  Zergling x4  
  25  2:43  Zergling x2  
  28  2:51  Overlord  
  28  2:56  Overlord  
  28  3:10  Pneumatized Carapace  
  28  3:11  Drone x3  
  31  3:15  Drone  
  32  3:25  Overlord  
  32  3:31  Zergling x4  
  32  3:32  Zergling x2  
  35  3:42  Queen  
  35  3:46  Drone  
  38  3:50  Evolution Chamber  
  38  3:52  Drone x3  
  38  3:53  Drone  
  41  3:59  Drone x3  
  44  4:03  Drone  
  44  4:06  Drone x2  
  44  4:09  Drone  
  48  4:11  Drone  
  48  4:15  Drone x2  
  51  4:21  Zerg Melee Weapons Level 1  
  49  4:28  Drone x2  
  49  4:29  Drone  
  52  4:31  Drone x2  
  52  4:33  Drone x2  
  54  4:40  Baneling Nest  
  54  4:45  Extractor, Lair  
  50  4:48  Zergling x8  
  50  4:49  Zergling x4  
  56  5:03  Overlord, Drone  
  56  5:05  Hatchery  
  56  5:12  Zergling x2  
  57  5:14  Overlord  
  53  5:24  Drone x4  
  53  5:25  Drone x7  
  64  5:38  Overlord  
  64  5:49  Overlord  
  64  5:52  Zergling x14  
  64  5:54  Centrifical Hooks  
  71  5:57  Drone  
  71  5:58  Drone  
  71  5:59  Extractor  
  71  6:00  Baneling x4  
  71  6:02  Drone  
  71  6:04  Overlord x3  
  73  6:10  Zergling x10  
  78  6:14  Baneling x4  
  78  6:22  Overlord  
  79  6:25  Drone  
  79  6:27  Baneling x5  
  79  6:29  Zergling x12  
  85  6:33  Overlord  
  85  6:37  Zergling x8  
  85  6:38  Zergling x4  
  91  6:44  Zergling x6  
  91  6:45  Zergling x2  
  92  6:48  Baneling x6  
  88  6:58  Zergling x12  
  82  7:05  Zergling x6  
  79  7:12  Zergling x10  
  78  7:22  Zergling x2  
  78  7:23  Zergling x6  
  78  7:28  Zergling x4  
  81  7:33  Queen  
  81  7:35  Zergling x2  
  81  7:36  Zergling x20  
  86  7:40  Zergling x4  
  86  7:42  Baneling x7  
  86  7:43  Baneling x2  
  84  7:47  Zergling x10  
  88  7:51  Zergling x2  
  83  8:05  Zergling x18  
  80  8:08  Overseer  
  80  8:09  Queen x2  
  80  8:11  Extractor  
  86  8:16  Queen  
  88  8:20  Baneling, Hydralisk Den  
  88  8:24  Extractor  
  85  8:31  Zergling x22  
  85  8:33  Hatchery  
Show
View Real Time Build Order
Export as new Build Order

Nycro Protoss 

Build Orders:  

Get SALT Encoding   

  12  0:01  Probe (Chrono Boost)  
  13  0:11  Probe (Chrono Boost)  
  14  0:17  Pylon  
  14  0:22  Probe (Chrono Boost)  
  15  0:35  Probe (Chrono Boost)  
  16  0:37  Gateway  
  16  0:43  Assimilator  
  16  0:47  Probe (Chrono Boost)  
  17  0:57  Probe (Chrono Boost)  
  18  1:08  Probe (Chrono Boost)  
  20  1:18  Probe (Chrono Boost)  
  20  1:24  Zealot (Chrono Boost), Cybernetics Core  
  22  1:42  Pylon  
  22  1:43  Probe (Chrono Boost)  
  23  2:00  Probe (Chrono Boost)  
  24  2:12  Nexus  
  24  2:19  Stalker (Chrono Boost)  
  26  2:24  Probe  
  27  2:35  Warp Gate (Chrono Boost)  
  27  2:38  Probe  
  27  2:43  Assimilator  
  28  2:54  Probe (Chrono Boost)  
  29  3:05  Probe (Chrono Boost)  
  30  3:11  Twilight Council  
  30  3:15  Probe (Chrono Boost)  
  31  3:25  Gateway  
  31  3:26  Probe (Chrono Boost)  
  31  3:27  Gateway, Mothership Core (Chrono Boost)  
  34  3:36  Probe (Chrono Boost)  
  35  3:45  Probe (Chrono Boost)  
  35  3:47  Probe (Chrono Boost)  
  37  3:51  Pylon  
  38  3:55  Probe (Chrono Boost)  
  38  3:57  Probe (Chrono Boost)  
  38  4:01  Pylon  
  39  4:05  Probe (Chrono Boost)  
  38  4:12  Probe (Chrono Boost)  
  38  4:13  Blink (Chrono Boost)  
  38  4:15  Probe  
  41  4:24  Assimilator, Probe  
  41  4:25  Probe  
  41  4:28  Assimilator  
  42  4:36  Adept, Probe  
  42  4:37  Adept  
  47  4:39  Adept  
  47  4:42  Probe  
  48  4:48  Probe  
  48  4:52  Robotics Facility, Probe  
  50  5:00  Probe  
  50  5:03  Probe  
  50  5:05  Gateway  
  50  5:06  Gateway  
  52  5:07  Sentry x3  
  52  5:09  Gateway  
  58  5:22  Gateway  
  52  5:29  Pylon  
  52  5:30  Pylon  
  52  5:31  Stalker  
  52  5:32  Stalker  
  52  5:34  Sentry  
  58  5:42  Warp Prism (Chrono Boost)  
  60  5:46  Pylon  
  60  5:47  Pylon  
  60  5:57  Sentry x2  
  60  6:03  Pylon  
  64  6:05  Pylon, Stalker  
  64  6:09  Stalker  
  64  6:10  Pylon  
  68  6:11  Stalker  
  70  6:20  Stalker x2  
  70  6:24  Stalker  
  76  6:31  Stalker  
  78  6:35  Stalker  
  78  6:36  Stalker  
  67  6:58  Stalker x3  
  55  7:11  Adept  
  55  7:12  Adept  
  55  7:22  Adept  
  55  7:29  Adept  
  51  7:39  Adept x2  
  49  7:46  Sentry x3  
  55  7:54  Sentry x2  
  57  8:04  Adept x2  
  35  8:16  Stalker x2  
  39  8:28  Adept x3  
  43  8:39  Adept x2  
  41  8:45  Zealot  
  43  8:50  Adept  
Tags
 
Add a new tag
Caveats
  • Supply blocks, unpowered buildings, or Contaminate may cause inaccurate times.
  • Supply counts are checked every 10 seconds.